cohdb
Replays
Latest Replays
All Replays
Popular Replays
Top Player Replays
Match Explorer
How It Works
Community
CoH3 Stats
Reddit
Sign in to upload your games and track your stats! →
Sign in with Steam
Match 46880969
Unlisted
Match 46880969
Overview
Messages
Build Orders
End
Construct Infanterie Kompanie
Grenadier Squad
MG 42 Machine Gun Team
Grenadier Squad
Construct Panzergrenadier Kompanie
Selects Mechanized Battlegroup
Selects Mobile Repair Stations
251 Medium Carrier
Panzergrenadier Squad
Pak 40 Anti-tank Gun Team
Support Elements
Selects Wespe Self-propelled Artillery
StuG III G Assault Gun
Pak 40 Anti-tank Gun Team
Wespe Self-propelled Artillery
Pioneer Squad
Selects Raid Package
StuG III G Assault Gun
Selects StuG Assault Group
유파_Yupa
단팥붕어빵
Serika
꿀뜨개Honeydipper
The101stAirBorne ITA
Capibimbambombolilalone ITA
Konrad Curze
FLOKL
0
0
Comments
sign in to comment!
No comments posted yet!